Map: Hardwire LE

Players

Reynor - Winner!

  • Race: Zerg Zerg
  • League: Master

DnS

  • Race: Protoss Protoss

Event: DreamHack SC2 Masters Last Chance 2022

VOD

Have the link to the VOD?

Description

Time

  • Played on: Dec. 17, 2021, 12:32 p.m.
  • Length: 12:32

All games in this series

Show
View Real Time Build Order
Export as new Build Order

Reynor Zerg - Winner!

Build Orders: Hatch First 

Get SALT Encoding   

  12  0:00  Drone  
  13  0:12  Overlord  
  13  0:17  Drone  
  14  0:30  Drone x2  
  16  0:48  Hatchery  
  15  0:51  Drone  
  15  0:54  Drone  
  17  0:58  Drone  
  18  1:09  Extractor  
  17  1:13  Spawning Pool  
  17  1:16  Drone  
  17  1:20  Drone  
  18  1:28  Drone  
  19  1:38  Drone  
  20  1:49  Overlord  
  20  2:00  Queen x2  
  20  2:01  Zergling x4  
  26  2:10  Drone x2  
  26  2:13  Metabolic Boost  
  28  2:21  Drone  
  28  2:22  Drone  
  30  2:35  Hatchery  
  30  2:37  Drone  
  30  2:44  Queen  
  30  2:48  Overlord  
  30  2:50  Drone  
  33  2:53  Drone  
  33  2:55  Drone  
  33  2:57  Drone  
  36  3:06  Queen  
  36  3:09  Overlord  
  36  3:10  Drone  
  36  3:12  Drone  
  40  3:14  Drone  
  40  3:17  Drone  
  40  3:18  Drone  
  43  3:22  Overlord  
  43  3:26  Drone  
  44  3:30  Queen  
  44  3:32  Zergling x2  
  47  3:37  Drone  
  47  3:40  Drone  
  49  3:44  Queen  
  49  3:46  Queen  
  49  3:48  Drone  
  54  3:50  Overlord  
  55  3:55  Drone  
  55  3:57  Drone  
  55  3:59  Spore Crawler  
  55  4:00  Drone x2  
  55  4:01  Drone  
  58  4:05  Drone x2  
  60  4:10  Queen  
  60  4:12  Zergling x2  
  60  4:13  Zergling x2  
  60  4:16  Drone  
  65  4:17  Drone  
  65  4:21  Drone x2  
  68  4:24  Spore Crawler  
  68  4:25  Overlord  
  68  4:27  Drone x2  
  68  4:30  Spore Crawler  
  68  4:37  Overlord  
  68  4:38  Drone  
  68  4:39  Drone  
  68  4:40  Drone  
  68  4:41  Overlord  
  68  4:42  Lair  
  68  4:43  Spore Crawler  
  70  4:46  Zergling x6  
  70  4:47  Zergling x2  
  70  4:51  Queen  
  76  5:00  Drone x4  
  76  5:01  Drone x2  
  76  5:03  Drone x3  
  85  5:13  Drone x2  
  87  5:14  Hatchery  
  87  5:15  Drone x2  
  87  5:17  Drone  
  87  5:19  Evolution Chamber, Extractor  
  87  5:20  Extractor  
  86  5:22  Drone x2  
  86  5:23  Roach Warren  
  86  5:24  Drone  
  86  5:28  Drone  
  89  5:29  Drone  
  89  5:30  Overlord  
  89  5:35  Drone x2  
  89  5:37  Queen  
  89  5:39  Drone  
  92  5:43  Drone x2  
  92  5:46  Zerg Missile Weapons Level 1  
  92  5:49  Drone  
  95  5:51  Drone x2  
  95  5:52  Extractor  
  95  5:54  Extractor  
  95  5:55  Extractor  
  94  6:00  Drone  
  94  6:02  Drone  
  94  6:03  Drone, Spire  
  96  6:04  Queen  
  98  6:12  Overlord  
  98  6:13  Overlord x2  
  98  6:22  Overlord  
  98  6:24  Drone, Glial Reconstitution, Extractor x2  
  98  6:25  Drone  
  97  6:28  Drone x6  
  97  6:31  Drone x2  
  103  6:33  Overlord  
  103  6:34  Drone x2, Queen  
  103  6:38  Overseer, Queen  
  109  6:40  Overlord  
  109  6:53  Queen, Overlord  
  109  6:54  Queen  
  113  7:02  Overlord  
  113  7:05  Drone x2  
  115  7:10  Overlord x2  
  115  7:22  Corruptor x11  
  118  7:25  Queen x2  
  140  7:30  Corruptor  
  140  7:34  Roach x5  
  151  7:38  Corruptor  
  151  7:42  Corruptor  
  155  7:46  Overlord x2  
  155  7:53  Corruptor x2  
  155  7:58  Overlord  
  159  7:59  Roach x6  
  159  8:03  Corruptor  
  173  8:06  Roach x2  
  173  8:07  Roach  
  173  8:08  Overlord  
  179  8:16  Ravager x2  
  179  8:18  Ravager, Zergling x10  
  179  8:19  Zergling x4  
  189  8:20  Roach x3  
  197  8:27  Ravager x2  
  197  8:29  Zergling x2, Roach  
  197  8:32  Overseer  
  200  8:37  Infestation Pit  
  199  8:46  Hatchery  
  194  8:54  Roach x9  
  173  9:05  Roach x8  
  173  9:06  Queen x2  
  183  9:11  Roach x4  
  183  9:12  Roach  
  183  9:16  Corruptor x3  
  177  9:28  Corruptor x3  
  177  9:29  Queen  
  162  9:33  Corruptor  
  162  9:35  Queen  
  164  9:42  Corruptor x2  
  168  9:47  Zerg Flyer Weapons Level 1  
  168  9:49  Spore Crawler  
  168  9:51  Drone x8  
  175  9:59  Hive  
  175  10:02  Spore Crawler  
  175  10:03  Corruptor, Spore Crawler x2  
  175  10:04  Corruptor, Spore Crawler  
  175  10:14  Infestor  
  175  10:16  Infestor  
  175  10:19  Extractor  
  175  10:20  Extractor  
  175  10:21  Drone x3  
  180  10:22  Ravager  
  180  10:23  Ravager  
  180  10:25  Spore Crawler  
  182  10:28  Ravager  
  182  10:32  Roach x4  
  182  10:33  Queen  
  192  10:37  Drone x2, Spore Crawler  
  192  10:38  Ravager  
  192  10:39  Spore Crawler  
  193  10:43  Ravager x2  
  193  10:45  Spore Crawler  
  193  10:46  Spore Crawler  
  193  10:48  Spore Crawler  
  190  10:58  Ravager x4  
  190  11:00  Drone x4  
  190  11:14  Roach x7  
  190  11:15  Roach x6  
  190  11:18  Roach x4  
  183  11:26  Roach x3  
  183  11:30  Roach x4  
  183  11:31  Roach  
  186  11:35  Drone x2  
  186  11:36  Queen  
  186  11:37  Drone  
  181  11:41  Roach  
  181  11:46  Roach x4  
  173  11:49  Queen  
  173  11:52  Roach  
  174  11:55  Ravager x5  
  174  12:00  Roach x4  
  185  12:03  Ravager x2  
  185  12:07  Roach  
  189  12:11  Overlord  
Show
View Real Time Build Order
Export as new Build Order

DnS Protoss 

Build Orders: 1 Gate Expand, Oracle Opening 

Get SALT Encoding   

  12  0:00  Probe  
  13  0:12  Probe  
  14  0:19  Pylon  
  14  0:24  Probe  
  15  0:37  Probe (Chrono Boost)  
  16  0:43  Gateway  
  16  0:46  Probe (Chrono Boost)  
  16  0:49  Assimilator  
  17  0:51  Probe  
  18  1:03  Probe  
  19  1:15  Probe  
  20  1:26  Nexus  
  20  1:36  Cybernetics Core  
  20  1:39  Probe  
  21  1:44  Assimilator  
  21  1:51  Probe  
  22  1:54  Pylon  
  22  2:03  Probe (Chrono Boost)  
  23  2:12  Adept  
  26  2:15  Probe (Chrono Boost)  
  26  2:17  Stargate  
  26  2:20  Probe (Chrono Boost)  
  27  2:28  Warp Gate  
  28  2:30  Probe (Chrono Boost)  
  28  2:39  Probe (Chrono Boost)  
  28  2:40  Probe (Chrono Boost)  
  28  2:42  Adept  
  32  2:47  Probe (Chrono Boost)  
  32  2:50  Probe (Chrono Boost)  
  34  2:52  Probe (Chrono Boost)  
  34  2:55  Void Ray (Chrono Boost)  
  35  3:00  Probe  
  35  3:04  Probe  
  41  3:12  Probe  
  42  3:13  Pylon  
  42  3:19  Probe  
  43  3:20  Gateway  
  43  3:24  Probe  
  44  3:31  Probe, Oracle (Chrono Boost)  
  48  3:36  Probe  
  49  3:43  Probe  
  49  3:47  Nexus  
  50  3:50  Pylon  
  50  3:52  Probe  
  51  3:56  Assimilator, Probe  
  51  4:00  Assimilator  
  52  4:08  Probe x2  
  54  4:12  Stargate  
  54  4:18  Pylon  
  54  4:20  Probe  
  54  4:21  Forge  
  54  4:23  Protoss Air Weapons Level 1  
  55  4:29  Void Ray  
  55  4:34  Probe (Chrono Boost)  
  61  4:38  Probe (Chrono Boost)  
  61  4:45  Pylon  
  62  4:46  Probe (Chrono Boost)  
  62  4:50  Probe (Chrono Boost)  
  64  4:55  Adept, Probe (Chrono Boost)  
  64  4:58  Void Ray, Probe (Chrono Boost)  
  67  5:05  Probe (Chrono Boost)  
  67  5:06  Void Ray  
  74  5:07  Probe x2 (Chrono Boost)  
  74  5:13  Robotics Facility, Probe (Chrono Boost)  
  81  5:16  Probe (Chrono Boost)  
  81  5:17  Probe (Chrono Boost)  
  81  5:19  Probe (Chrono Boost)  
  82  5:25  Assimilator, Probe (Chrono Boost)  
  84  5:31  Probe (Chrono Boost), Shield Battery  
  84  5:32  Zealot  
  84  5:33  Probe x2 (Chrono Boost)  
  86  5:37  Probe  
  86  5:39  Probe  
  86  5:40  Probe  
  86  5:43  Pylon  
  86  5:44  Assimilator  
  86  5:49  Probe  
  87  5:51  Probe  
  87  5:53  Fleet Beacon, Probe  
  87  5:54  Stargate  
  89  6:01  Probe  
  89  6:02  Pylon  
  89  6:03  Robotics Bay  
  89  6:04  Observer (Chrono Boost), Probe  
  92  6:12  Photon Cannon  
  92  6:18  Zealot, Nexus  
  92  6:22  Photon Cannon  
  92  6:25  Pylon  
  94  6:28  Pylon  
  94  6:31  Twilight Council, Protoss Ground Weapons Level 1 (Chrono Boost)  
  94  6:37  Carrier (Chrono Boost)  
  100  6:48  Disruptor (Chrono Boost)  
  100  6:49  Photon Cannon  
  100  6:50  Probe x3  
  100  6:51  Photon Cannon  
  100  6:54  Shield Battery  
  112  7:01  Photon Cannon  
  112  7:04  Carrier (Chrono Boost)  
  112  7:07  Probe x2  
  114  7:09  Shield Battery  
  114  7:10  Carrier (Chrono Boost)  
  114  7:15  Assimilator  
  120  7:19  Disruptor  
  123  7:24  Pylon  
  123  7:25  Pylon  
  123  7:26  Pylon  
  123  7:28  Charge  
  123  7:32  Gateway, Probe  
  124  7:37  Gateway  
  124  7:41  Templar Archives  
  125  7:44  Probe  
  125  7:48  Void Ray  
  125  7:52  Warp Prism (Chrono Boost), Gateway x2  
  125  7:56  Gateway  
  125  7:57  Gateway  
  131  8:04  Gateway  
  131  8:05  Gateway  
  131  8:06  Gateway  
  131  8:13  Gateway  
  131  8:15  Photon Cannon, Void Ray x2  
  131  8:16  Pylon  
  131  8:19  Pylon  
  139  8:28  High Templar x2  
  139  8:32  Void Ray  
  141  8:35  Archon  
  141  8:40  Flux Vanes  
  145  8:43  Shield Battery  
  145  8:44  Shield Battery  
  145  8:50  Zealot x3  
  145  8:54  Zealot  
  137  9:02  High Templar  
  137  9:03  Zealot x3, High Templar  
  137  9:05  Shield Battery  
  137  9:07  Archon, Shield Battery  
  137  9:09  Void Ray (Chrono Boost)  
  143  9:12  Zealot x4  
  143  9:21  Void Ray (Chrono Boost)  
  143  9:23  Void Ray (Chrono Boost)  
  131  9:29  Zealot x4  
  143  9:36  Protoss Ground Weapons Level 2 (Chrono Boost)  
  143  9:37  Zealot x6  
  155  9:39  Assimilator  
  155  9:41  Assimilator  
  155  9:43  Photon Cannon  
  155  9:45  Void Ray (Chrono Boost)  
  159  9:53  Sentry  
  161  10:09  Pylon  
  161  10:10  High Templar x2  
  161  10:11  Zealot x5, Pylon  
  175  10:14  Pylon  
  175  10:15  Archon  
  175  10:29  High Templar x2  
  175  10:32  Pylon  
  175  10:33  Archon  
  175  10:34  Zealot x6  
  191  10:47  Zealot x2  
  191  10:51  Warp Prism  
  191  10:56  Zealot x4  
  199  10:59  Nexus  
  199  11:00  Pylon  
  188  11:16  Void Ray (Chrono Boost)  
  188  11:17  Zealot  
  188  11:18  Zealot x8  
  184  11:24  Void Ray (Chrono Boost)  
  133  11:32  Void Ray (Chrono Boost)  
  115  11:45  High Templar  
  115  11:46  High Templar x4  
  115  11:47  Zealot x3, High Templar  
  114  11:48  Zealot  
  114  11:50  Archon x3  
  110  12:07  Stalker x2  
  110  12:08  Stalker x2  
  106  12:18  Robotics Facility, Zealot x2  
  106  12:19  Zealot x4  

Tags
 
Add a new tag
Caveats
  • Supply blocks, unpowered buildings, or Contaminate may cause inaccurate times.
  • Supply counts are checked every 10 seconds.